 Dungeon Crawl Stone Soup version 0.30-a0-1094-g860fb061e7 (webtiles) character file.

Game seed: 13142926053731720856

182 retardedninja the Conjurer (level 5, -10/55 HPs)
             Began as a Gnoll Conjurer on Apr 17, 2023.
             Mangled by Pikel
             ... wielding a +0 whip of electrocution
              (17 damage)
             ... on level 4 of the Dungeon.
             The game lasted 00:06:10 (4421 turns).

retardedninja the Conjurer (Gnoll Conjurer)         Turns: 4421, Time: 00:06:10

Health: -10/55     AC:  8    Str:  5 (6)  XL:     5   Next: 62%
Magic:  5/12       EV: 13    Int: 18 (19) God:
Gold:   178        SH:  0    Dex: 11      Spells: 11/14 levels left

rFire   . . .      SeeInvis .    p - +1 war axe (heavy)
rCold   . . .      Faith    .    (no shield)
rNeg    . . .      Spirit   .    a - +0 robe
rPois   .          Reflect  .    n - +0 helmet
rElec   .          Rampage  .    (no cloak)
rCorr   .                        (no gloves)
Will    .....                    o - +0 pair of boots Stlth
                                 (no amulet)
HPRegen 0.29/turn                q - +4 ring of protection
MPRegen 0.13/turn                (no ring)

@: berserking, very quick
A: fangs 1, strong nose, distributed training
a: no special abilities


You were on level 4 of the Dungeon.
You visited 1 branch of the dungeon, and saw 4 of its levels.

You collected 178 gold pieces.

Inventory:

Hand Weapons
 p - a +1 heavy war axe (weapon)
Armour
 a - a +0 robe (worn)
 n - a +0 helmet (worn)
 o - a +0 pair of boots (worn)
Jewellery
 q - a +4 ring of protection (left hand)
Wands
 m - a wand of iceblast (2)
Scrolls
 c - 2 scrolls of blinking {unknown}
 e - a scroll of enchant weapon {unknown}
 g - 2 scrolls of identify {unknown}
 i - 4 scrolls of amnesia {unknown}
 j - 4 scrolls of teleportation {unknown}
 l - a scroll of silence {unknown}
 s - 2 scrolls of magic mapping {unknown}
 u - a scroll of fog {unknown}
Potions
 d - a potion of flight {unknown}
 f - a potion of degeneration
 h - 2 potions of haste
 k - a potion of berserk rage
 r - 2 potions of curing {unknown}
 t - a potion of attraction {unknown}


   Skills:
 + Level 1.6 Fighting
 + Level 1.6 Short Blades
 + Level 1.6 Long Blades
 + Level 1.6 Axes
 + Level 1.6 Maces & Flails
 + Level 1.6 Polearms
 + Level 1.6 Staves
 + Level 1.6 Ranged Weapons
 + Level 1.6 Throwing
 + Level 1.6 Armour
 + Level 4.8 Dodging
 + Level 4.4 Stealth
 + Level 1.6 Shields
 + Level 1.6 Unarmed Combat
 + Level 5.2 Spellcasting
 + Level 7.2 Conjurations
 + Level 1.3 Hexes
 + Level 1.3 Summonings
 + Level 1.3 Necromancy
 + Level 1.3 Translocations
 + Level 1.3 Transmutations
 + Level 1.3 Fire Magic
 + Level 1.3 Ice Magic
 + Level 1.3 Air Magic
 + Level 1.3 Earth Magic
 + Level 1.3 Poison Magic
 + Level 1.8 Invocations
 + Level 1.6 Evocations


You had 11 spell levels left.
You knew the following spells:

 Your Spells              Type           Power      Damage    Failure   Level
a - Magic Dart            Conj           100%       1d8       1%          1
b - Searing Ray           Conj           60%        2d6       1%          2

Your spell library contained the following spells:

 Spells                   Type           Power      Damage    Failure   Level
 Dazzling Flash           Conj/Hex       40%        N/A       7%          3
 Sublimation of Blood     Necr           9%         N/A       12%         2
 Fulminant Prism          Conj/Hex       10%        3d9       22%         4
 Iskenderun's Mystic Bla  Conj/Tloc      20%        2d6       22%         4
 Dispel Undead            Necr           9%         3d8       58%         4
 Agony                    Necr           9%         N/A       91%         5


Dungeon Overview and Level Annotations

Branches:
Dungeon (4/15)
 Temple: D:4-7

Altars:
Ru

Shops:
D:2 [   D:4 *

Annotations:
D:4 1 runed translucent door, Crazy Yiuf, Grinder, Pikel


Innate Abilities, Weirdness & Mutations

You have very sharp teeth.
Your uncanny sense of smell can sniff out nearby items.
Your experience applies equally to all skills.


Message History

The searing ray hits Pikel!
Pikel is moderately wounded.
The searing ray hits the lemure!
You kill the lemure!
That felt strangely unrewarding.
The searing ray hits the lemure!
The lemure is heavily wounded.
The searing ray misses the lemure. (Press . to maintain the ray.) Pikel hits you with a +0 whip of electrocution.
Unknown command.
Casting: Searing Ray (safe; 1% risk of failure)
Confirm with . or Enter, or press ? or * to list all spells.
Restarting spell: Searing Ray (safe; 1% risk of failure)
Press: ? - help, Shift-Dir - straight line, f - Pikel
Aim: Pikel, wielding a +0 whip of electrocution and wearing a +0 robe (moderately wounded, 74% to hit)
The searing ray misses Pikel.
The searing ray hits the lemure.
The lemure is severely wounded.
The searing ray hits the lemure.
The lemure is severely wounded. (Press . to maintain the ray.) Pikel hits you but does no damage.
Grinder blinks!
Unknown command.
You miss Pikel.
Pikel is moderately wounded.
Pikel hits you with a +0 whip of electrocution.
Pikel closely misses you.
You miss Pikel.
Pikel is moderately wounded.
Grinder blinks!
Pikel completely misses you.
Pikel hits you with a +0 whip of electrocution.
You are electrocuted!!
* * * LOW HITPOINT WARNING * * *
A red film seems to cover your vision as you go berserk!
You feel yourself moving faster!
You feel mighty! Pikel barely misses you.
You barely miss Pikel.
Pikel is moderately wounded.
Pikel hits you with a +0 whip of electrocution.
* * * LOW HITPOINT WARNING * * *
You are electrocuted!
You die...

...
...
#S#
#S#
#5#
#5#
#K#
#@##
#..#
##
##.#
.#
#.#
g#
#.#
)# ∆
#.#
##
#.#
#.#
#.#


You could see Pikel, 2 lemures, an adder and a ball python.

Vanquished Creatures
  2 lemures (D:4)
  Natasha (D:4)
  An orc wizard (D:2)
  6 adders
  2 dart slugs
  9 orcs
  2 bats
  8 endoplasms
  A giant cockroach (D:2)
  4 goblins
  3 hobgoblins
  4 jackals (D:2)
  5 kobolds
  3 quokkas
  6 ball pythons
  2 frilled lizards (D:1)
  9 rats
68 creatures vanquished.

Notes
Turn   | Place    | Note
-------+----------+-------------------------------------------
     0 | D:1      | retardedninja the Gnoll Conjurer began the quest for the
                  | Orb.
     0 | D:1      | Reached XP level 1. HP: 13/13 MP: 6/6
    63 | D:1      | Got Suafimen's Annotations on Left-Handed Deeds
   417 | D:1      | Reached XP level 2. HP: 14/20 MP: 1/7
   984 | D:2      | Reached skill level 5 in Spellcasting
   984 | D:2      | Reached XP level 3. HP: 25/25 MP: 0/9
  1185 | D:2      | Reached skill level 1 in Invocations
  1317 | D:2      | Reached skill level 1 in Fighting
  1317 | D:2      | Reached skill level 1 in Short Blades
  1317 | D:2      | Reached skill level 1 in Long Blades
  1317 | D:2      | Reached skill level 1 in Axes
  1317 | D:2      | Reached skill level 1 in Maces & Flails
  1317 | D:2      | Reached skill level 1 in Polearms
  1317 | D:2      | Reached skill level 1 in Staves
  1317 | D:2      | Reached skill level 1 in Ranged Weapons
  1317 | D:2      | Reached skill level 1 in Throwing
  1317 | D:2      | Reached skill level 1 in Armour
  1317 | D:2      | Reached skill level 1 in Shields
  1317 | D:2      | Reached skill level 1 in Unarmed Combat
  1317 | D:2      | Reached skill level 1 in Evocations
  1497 | D:2      | Found a sacrificial altar of Ru.
  1524 | D:2      | Reached XP level 4. HP: 32/32 MP: 7/11
  1687 | D:2      | Found Qyaz's Antique Armour Shoppe.
  1694 | D:2      | Reached skill level 1 in Hexes
  1694 | D:2      | Reached skill level 1 in Summonings
  1694 | D:2      | Reached skill level 1 in Necromancy
  1694 | D:2      | Reached skill level 1 in Translocations
  1694 | D:2      | Reached skill level 1 in Transmutations
  1694 | D:2      | Reached skill level 1 in Fire Magic
  1694 | D:2      | Reached skill level 1 in Ice Magic
  1694 | D:2      | Reached skill level 1 in Air Magic
  1694 | D:2      | Reached skill level 1 in Earth Magic
  1694 | D:2      | Reached skill level 1 in Poison Magic
  2477 | D:2      | Learned a level 2 spell: Searing Ray
  2550 | D:2      | Reached XP level 5. HP: 17/37 MP: 1/12
  3447 | D:3      | Found a faded altar of an unknown god.
  4085 | D:4      | Noticed Natasha
  4128 | D:4      | Killed Natasha
  4301 | D:4      | Found a runed translucent door.
  4302 | D:4      | Noticed Crazy Yiuf
  4324 | D:4      | Found Nalyqep's Assorted Antiques.
  4401 | D:4      | Noticed a lemure
  4403 | D:4      | Noticed Pikel
  4405 | D:4      | Noticed a lemure
  4409 | D:4      | Noticed a lemure
  4410 | D:4      | Killed a lemure
  4410 | D:4      | Noticed a lemure
  4414 | D:4      | Noticed Grinder
  4416 | D:4      | Killed a lemure
  4421 | D:4      | Mangled by Pikel

Illustrated notes

Levels and vault maps discovered:
D:1:      heliophobic_arrival_ceremonial_halls, layout_basic, serial_aquarium,
          aquarium_bridge_long_separate [aquarium_subvault_bridge,
          aquarium_subvault_bridge, aquarium_subvault_balcony,
          aquarium_subvault_bridge, aquarium_subvault_wall,
          aquarium_subvault_window], aquarium_bridge_square
          [aquarium_subvault_balcony, aquarium_subvault_bridge,
          aquarium_subvault_wall, aquarium_subvault_bridge], aquarium_window_2,
          aquarium_window_corridor_3, aquarium_window_double, aquarium_window_2,
          aquarium_view_2a, aquarium_view_2e
D:2:      layout_basic, basic_altar, serial_shops, shop
D:3:      layout_basic, ebering_ecumenical_altar_rust
D:4:      layout_loops_ring, serial_shops, nicolae_shop_hallway_stairs,
          serial_bayou_ford_a, grunt_decor_resistance,
          chequers_serial_rivers_large_b, nicolae_elevator_lobby_plus,
          uniq_pikel, uniq_sigmund, uniq_grinder, uniq_natasha,
          uniq_crazy_yiuf_cottage

Skill      XL: |  1  2  3  4 |
---------------+-------------+-----
Spellcasting   | 5 |  5.2
Invocations    | 1 |  1.8
Fighting       | 1 |  1.6
Short Blades   | 1 |  1.6
Long Blades    | 1 |  1.6
Axes           | 1 |  1.6
Maces & Flails | 1 |  1.6
Polearms       | 1 |  1.6
Staves         | 1 |  1.6
Ranged Weapons | 1 |  1.6
Throwing       | 1 |  1.6
Armour         | 1 |  1.6
Shields        | 1 |  1.6
Unarmed Combat | 1 |  1.6
Evocations     | 1 |  1.6
Hexes          | 1 |  1.3
Summonings     | 1 |  1.3
Necromancy     | 1 |  1.3
Translocations | 1 |  1.3
Transmutations | 1 |  1.3
Fire Magic     | 1 |  1.3
Ice Magic      | 1 |  1.3
Air Magic      | 1 |  1.3
Earth Magic    | 1 |  1.3
Poison Magic   | 1 |  1.3
Dodging        | |  4.8
Stealth        | |  4.4
Conjurations   | |  7.2

Action                     |  1- 3 |  4- 6 || total
---------------------------+-------+-------++-------
  Melee: Unarmed           |       |    12 ||    12
         War axe           |       |     3 ||     3
   Cast: Magic Dart        |    61 |    86 ||   147
         Searing Ray       |       |    11 ||    11
    Use: Potion            |       |     5 ||     5
 Armour: Robe              |       |    12 ||    12
  Dodge: Dodged            |       |    24 ||    24

Table legend: (Time is in decaauts)
 A = Elapsed time spent in this place.
 B = Non-inter-level travel time spent in this place.
 C = Inter-level travel time spent in this place.
 D = Time resting spent in this place.
 E = Time spent auto-exploring this place.
 F = Levels seen in this place.
 G = Mean time per level.
                   A        B        C        D        E       F      G
               +--------+--------+--------+--------+--------+-----+--------+
         Total |   4445 |   4322 |    123 |    871 |   3034 |   4 | 1111.2 |
       Dungeon |   4445 |   4322 |    123 |    871 |   3034 |   4 | 1111.2 |
               +--------+--------+--------+--------+--------+-----+--------+

Top non-repeatable levels by time:
     D:2: 2237 daAuts
     D:3: 1070 daAuts
     D:1: 809 daAuts
     D:4: 329 daAuts
